 Dungeon Crawl Stone Soup version 0.21.1-1-g345015fe64 (webtiles) character file.

326 LittCuttar the Chopper (level 6, -6/55 HPs)
             Began as a Minotaur Fighter on May 18, 2018.
             Mangled by an orc warrior
             ... wielding a +0 trident
              (16 damage)
             ... on level 5 of the Dungeon.
             The game lasted 00:07:44 (3112 turns).

LittCuttar the Chopper (Minotaur Fighter)           Turns: 3112, Time: 00:07:45

Health: -6/55      AC: 12    Str: 22    XL:     6   Next: 24%
Magic:  5/5        EV:  4    Int:  5    God:
Gold:   258        SH: 12    Dex: 10    Spells: 5/5 levels left

rFire    . . .     SeeInvis .   a - +0 war axe
rCold    . . .     Gourm    .   c - +1 shield
rNeg     . . .     Faith    .   e - +0 chain mail
rPois    .         Spirit   .   (helmet restricted)
rElec    .         Reflect  +   b - +2 cloak
rCorr    .         Harm     .   o - +0 pair of gloves
MR       .....                  (no boots)
Stlth    ..........             i - +4 amulet of reflection
HPRegen  0.18/turn              j - ring of flight
MPRegen  0.09/turn              (no ring)

@: extremely drained
A: retaliatory headbutt, horns 2
a: Evoke Flight


You were on level 5 of the Dungeon.
You were not hungry.

You visited 1 branch of the dungeon, and saw 5 of its levels.

You collected 258 gold pieces.

Inventory:

Hand Weapons
 a - a +0 war axe (weapon)
Armour
 b - a +2 cloak (worn)
 c - a +1 shield (worn)
 e - a +0 chain mail (worn)
 o - a +0 pair of gloves (worn)
Jewellery
 i - a +4 amulet of reflection (around neck)
 j - a ring of flight (left hand)
 p - an uncursed ring of ice
Wands
 u - a wand of random effects (25)
Scrolls
 g - a scroll of enchant armour
 h - 2 scrolls of teleportation
 k - a scroll of magic mapping {unknown}
 l - a scroll of blinking {unknown}
 m - a scroll of noise {unknown}
 n - 2 scrolls of amnesia {unknown}
 q - 2 scrolls of remove curse {unknown}
 r - a scroll of enchant weapon {unknown}
 s - 4 scrolls of identify
Potions
 d - 2 potions of might
 t - a potion of degeneration {unknown}
 w - a potion of berserk rage {unknown}
Comestibles
 f - 7 rations
 v - 2 chunks of flesh


   Skills:
 + Level 4.9(0.0) Fighting
 * Level 5.3(0.0) Axes
 + Level 5.0(0.0) Armour
 + Level 5.0(0.0) Shields


You had 5 spell levels left.
You didn't know any spells.

Dungeon Overview and Level Annotations

Branches:
Dungeon (5/15)
 Temple: D:4-7

Altars:
Elyvilon
Kikubaaqudgha
Makhleb
Qazlal

Annotations:
D:4 supermoro's ghost, novice KoEn


Innate Abilities, Weirdness & Mutations

You reflexively headbutt those who attack you in melee.
You have a pair of horns on your head.


Message History

The orc warrior is almost dead.
You block the orc warrior's attack.
You hit the orc warrior.
The orc warrior is almost dead.
You block the orc warrior's attack. x2
You closely miss the orc warrior.
The orc warrior is almost dead.
You block the orc warrior's attack.
You hit the orc warrior but do no damage.
Your headbutt misses the orc warrior.
The orc warrior is almost dead.
The orc warrior hits you with a trident.
* * * LOW HITPOINT WARNING * * *
You closely miss the orc warrior.
The orc warrior is almost dead.
The orc warrior hits you but does no damage. x2
You closely miss the orc warrior.
The orc warrior is almost dead.
The orc warrior hits you with a trident!
You die...

#.#.######.......#
..#...#.....#<...#
#####.#.##....##.#
#.#.##.......#
#.#.##########
#.#.....#
#.#####.#
######'#.†)).#
#.......o@####
#.........#
#.........#
.....####### .....
.... ....


You could see an orc warrior.

Vanquished Creatures
  An orc priest (D:5)
  2 worker ants
  Natasha (thrice) (D:3)
  A hound skeleton (D:5)
  5 adders
  2 oozes (D:1)
  2 worms (D:3)
  3 dart slugs
  5 leopard geckos
  13 orcs
  2 ball pythons
  7 bats
  A giant cockroach (D:1)
  6 goblins
  4 hobgoblins
  7 jackals
  12 kobolds
  A quokka (D:5)
  3 frilled lizards
  A rat (D:2)
81 creatures vanquished.

Notes
Turn   | Place    | Note
-------+----------+-------------------------------------------
     0 | D:1      | LittCuttar the Minotaur Fighter began the quest for the Orb.
     0 | D:1      | Reached XP level 1. HP: 19/19 MP: 0/0
    72 | D:1      | Reached XP level 2. HP: 25/27 MP: 1/1
   798 | D:1      | Reached XP level 3. HP: 33/33 MP: 2/2
  1047 | D:2      | Found a faded altar of an unknown god.
  1359 | D:3      | Reached XP level 4. HP: 40/40 MP: 3/3
  1428 | D:3      | Found an ancient bone altar of Kikubaaqudgha.
  1428 | D:3      | Noticed Natasha
  1446 | D:3      | Killed Natasha
  1511 | D:3      | Noticed Natasha
  1651 | D:3      | Killed Natasha
  1651 | D:3      | Reached XP level 5. HP: 45/47 MP: 4/4
  1735 | D:3      | Noticed Natasha
  1740 | D:3      | Killed Natasha
  1955 | D:3      | Found a stormy altar of Qazlal.
  1955 | D:3      | Found a white marble altar of Elyvilon.
  2083 | D:4      | Noticed supermoro's ghost (novice KoEn)
  2534 | D:4      | Found a burning altar of Makhleb.
  2792 | D:4      | Reached skill level 5 in Axes
  3010 | D:5      | Entered Level 5 of the Dungeon
  3029 | D:5      | Reached XP level 6. HP: 55/55 MP: 5/5
  3092 | D:5      | Noticed an orc warrior
  3097 | D:5      | Reached skill level 5 in Armour
  3102 | D:5      | Reached skill level 5 in Shields
  3112 | D:5      | Mangled by an orc warrior

Skill      XL: |  1  2  3  4  5  6 |
---------------+-------------------+-----
Axes           | 3 4 5 |  5.3
Fighting       | 4 |  4.9
Armour         | 4 5 |  5.0
Shields        | 4 5 |  5.0

Action                   |  1- 3 |  4- 6 || total
-------------------------+-------+-------++-------
Melee: War axe           |    67 |   134 ||   201
       Headbutt          |     7 |    23 ||    30
Evoke: Wand              |       |     1 ||     1
  Use: Potion            |       |     2 ||     2
       Scroll            |       |     3 ||     3
  Eat: Chunk             |     1 |     6 ||     7
Armor: Scale mail        |     2 |       ||     2
       Chain mail        |    41 |   110 ||   151
Dodge: Dodged            |    21 |    26 ||    47
Block: Shield            |    26 |    82 ||   108
